 Dungeon Crawl Stone Soup version 0.30-a0-881-g1ff12e1e11 (webtiles) character file.

Game seed: 9511680217640636816

345280 jasper the Warrior (level 21, -10/186 (197) HPs)
             Began as a Demonspawn Gladiator on Mar 14, 2023.
             Was the Champion of Okawaru.
             Mangled by an orc warlord
             ... wielding a +0 great mace
              (17 damage)
             ... while paralysed by a great orb of eyes
             ... on level 2 of the Vaults.
             The game lasted 01:46:02 (43378 turns).

jasper the Warrior (Demonspawn Gladiator)          Turns: 43378, Time: 01:46:03

HP:   -10/186 (197) AC: 19    Str: 19    XL:     21   Next: 17%
MP:   29/29         EV:  2    Int:  7    God:    Okawaru [******]
Gold: 2006          SH:  0    Dex: 19    Spells: 20/20 levels left

rFire   + + .      SeeInvis .    q - +1 broad axe (vamp)
rCold   + + .      Faith    .    s - +5 kite shield {reflect}
rNeg    . . .      Spirit   .    W - +12 ice dragon scales "Urotu Yxt" {Rampage rElec rPois rF- rC++ Int-5}
rPois   +          Reflect  +    l - +2 hat
rElec   +          Rampage  +    w - +2 cloak {Will+}
rCorr   .                        (gloves unavailable)
Will    ++...                    U - +0 pair of boots {Fly} Stlth
                                 Q - amulet of regeneration
HPRegen 1.31/turn                B - ring of the Octopus King {rF+ HP+2 AC+2 EV+2 SH+2}
MPRegen 0.21/turn                V - ring "Cuabrauh" {rPois rF+ Slay+6}

@: paralysed, corroded, flying, studying Axes, drained
A: claws 3, rugged brown scales 3, ignite blood 3, demonic magic 3, beak, fire
resistance 1, subdued magic 1
}: 2/15 runes: serpentine, barnacled
a: Renounce Religion, Heroism, Finesse, Duel


You were on level 2 of the Vaults.
You worshipped Okawaru.
Okawaru was exalted by your worship.
You visited 7 branches of the dungeon, and saw 35 of its levels.
You visited the Abyss 1 time.
You also visited: Sewer, Bailey and Ice Cave.

You collected 4334 gold pieces.
You spent 2328 gold pieces at shops.

Inventory:

Hand Weapons
 q - a +1 vampiric broad axe (weapon)
 H - the +16 obsidian axe {drain, demonic, Mesm Drain Fly SInv}
   (You found it on level 15 of the Dungeon)

   Mesm:      Its wielder is mesmerised by any visible foes, and it cannot be
   unequipped while any foes are visible.
   SInv:      It lets you see invisible.
   Fly:       It grants you flight.
   Drain:     It drains your maximum health when unequipped.
 S - the +4 broad axe of the Hidden Vale {speed, Drain rC+ MP+9 Str+6}
   (Okawaru gifted it to you on level 1 of the Vaults)

   Str:       It affects your strength (+6).
   rC:        It protects you from cold.
   MP:        It affects your magic capacity (+9).
   Drain:     It drains your maximum health when unequipped.
Missiles
 d - 2 datura-tipped darts
 e - 20 javelins
 g - 2 throwing nets
 p - 28 poisoned darts
 y - 27 boomerangs (quivered)
 z - 10 curare-tipped darts
 G - 9 atropa-tipped darts
 J - 13 silver javelins
Armour
 l - a +2 hat (worn)
 s - a +5 kite shield of reflection (worn)
 w - a +2 cloak of willpower (worn)
 F - a scarf of resistance
 U - a +0 pair of boots of flying (worn)
 W - the +12 ice dragon scales "Urotu Yxt" (worn) {Rampage rElec rPois rF- rC++ Int-5}
   (You found it in an ice cave)

   Int:       It affects your intelligence (-5).
   rF:        It makes you vulnerable to fire.
   rC:        It greatly protects you from cold.
   rElec:     It insulates you from electricity.
   rPois:     It protects you from poison.
   Rampage:   It bestows one free step when moving towards enemies.
Jewellery
 j - the ring of Veank {Str+4 SInv}
   (You found it in an ice cave)

   [ring of see invisible]

   Str:       It affects your strength (+4).
   SInv:      It lets you see invisible.
 B - a ring of the Octopus King (left claw) {rF+ HP+2 AC+2 EV+2 SH+2}
   (You found it on level 5 of the Dungeon)

   [ring of protection from fire]

   AC:        It affects your AC (+2).
   EV:        It affects your evasion (+2).
   rF:        It protects you from fire.
   HP:        It affects your health (+2).
   SH:        It affects your SH (+2).
 Q - an amulet of regeneration (around neck)
 T - the ring "Tifazase" {rPois rF+++ Int-4 Dex+6 Stlth+}
   (You acquired it on level 9 of the Dungeon)

   [ring of dexterity]

   Int:       It affects your intelligence (-4).
   Dex:       It affects your dexterity (+6).
   rF:        It renders you almost immune to fire.
   rPois:     It protects you from poison.
   Stlth:     It makes you more stealthy.
 V - the ring "Cuabrauh" (right claw) {rPois rF+ Slay+6}
   (You found it on level 1 of the Snake Pit)

   [ring of poison resistance]

   Slay:      It affects your accuracy & damage with ranged weapons and melee
   (+6).
   rF:        It protects you from fire.
   rPois:     It protects you from poison.
Wands
 b - a wand of iceblast (23)
 c - a wand of acid (11)
 h - a wand of mindburst (20)
 A - a wand of flame (68)
 L - a wand of digging (8)
 P - a wand of paralysis (22)
Scrolls
 a - 4 scrolls of magic mapping
 i - 7 scrolls of fear
 k - a scroll of silence
 m - 11 scrolls of poison
 r - 17 scrolls of teleportation
 D - 10 scrolls of vulnerability
 I - 2 scrolls of fog
 K - 8 scrolls of immolation
 X - 19 scrolls of identify
 Z - 6 scrolls of blinking
Potions
 n - 7 potions of lignification
 o - 3 potions of flight
 t - 3 potions of magic
 u - 13 potions of curing
 v - a potion of ambrosia
 x - 2 potions of heal wounds
 M - 4 potions of might
 N - 5 potions of haste
 O - 6 potions of mutation
 R - a potion of invisibility
 Y - 2 potions of cancellation
Miscellaneous
 f - a condenser vane
 C - a tin of tremorstones (1/2)


   Skills:
 - Level 20.0 Fighting
 - Level 0.7 Long Blades
 - Level 18.0 Axes
 - Level 10.0 Throwing
 - Level 15.0 Armour
 + Level 12.4 Dodging
 - Level 15.0 Shields
 - Level 11.4 Invocations


You had 20 spell levels left.
You didn't know any spells.
Your spell library contained the following spells:

 Spells                   Type           Power      Damage    Failure   Level
 Apportation              Tloc           0%         N/A       89%         1
 Foxfire                  Conj/Fire      0%         2x1d4     89%         1
 Magic Dart               Conj           0%         1d3       89%         1
 Necrotise                Necr           0%         1d4       89%         1
 Sandblast                Erth           0%         2d4       89%         1
 Blink                    Tloc           0%         N/A       96%         2
 Cigotuvi's Dreadful Rot  Necr/Pois/Air  0%         N/A       96%         2
 Ensorcelled Hibernation  Hex/Ice        0%         N/A       96%         2
 Lesser Beckoning         Tloc           0%         N/A       96%         2
 Momentum Strike          Conj/Tloc      0%         3d8       96%         2
 Passwall                 Tmut/Erth      0%         N/A       96%         2
 Scorch                   Fire           0%         2d5       96%         2
 Searing Ray              Conj           0%         2d4       96%         2
 Sublimation of Blood     Necr           0%         N/A       96%         2
 Frozen Ramparts          Ice            0%         1d1       99%         3
 Inner Flame              Hex/Fire       0%         N/A       99%         3
 Ozocubu's Armour         Ice            0%         N/A       99%         3
 Portal Projectile        Hex/Tloc       0%         N/A       99%         3
 Stone Arrow              Conj/Erth      0%         3d7       99%         3
 Swiftness                Air            0%         N/A       99%         3
 Vampiric Draining        Necr           0%         2d6       99%         3
 Anguish                  Hex/Necr       0%         N/A       100%        4
 Cause Fear               Hex            0%         N/A       100%        4
 Dispel Undead            Necr           0%         3d6       100%        4
 Flame Wave               Conj/Fire      0%         2d4       100%        4
 Fulminant Prism          Conj/Hex       0%         3d5       100%        4
 Ice Form                 Ice/Tmut       0%         N/A       100%        4
 Leda's Liquefaction      Hex/Erth       0%         N/A       100%        4
 Olgreb's Toxic Radiance  Pois           0%         N/A       100%        4
 Petrify                  Tmut/Erth      0%         N/A       100%        4
 Agony                    Necr           0%         N/A       100%        5
 Alistair's Intoxication  Tmut/Pois      0%         N/A       100%        5
 Blade Hands              Tmut           0%         N/A       100%        5
 Borgnjor's Vile Clutch   Necr/Erth      0%         N/A       100%        5
 Fireball                 Conj/Fire      0%         3d3       100%        5
 Irradiate                Conj/Tmut      0%         3d11      100%        5
 Lee's Rapid Deconstruct  Erth           0%         3d4*      100%        5
 Metabolic Englaciation   Hex/Ice        0%         N/A       100%        5
 Yara's Violent Unravell  Hex/Tmut       0%         3d3       100%        5
 Conjure Ball Lightning   Conj/Air       0%         3x3d6     100%        6
 Eringya's Noxious Bog    Tmut/Pois      0%         N/A       100%        6
 Starburst                Conj/Fire      0%         6d3       100%        6
 Statue Form              Tmut/Erth      0%         N/A       100%        6
 Enfeeble                 Hex            0%         N/A       100%        7
 Ozocubu's Refrigeration  Ice            0%         4d7       100%        7
 Discord                  Hex            0%         N/A       100%        8
 Disjunction              Tloc           0%         N/A       100%        8
 Chain Lightning          Conj/Air       0%         N/A       100%        9
 Fire Storm               Conj/Fire      0%         5d1       100%        9
 Shatter                  Erth           0%         3d5*      100%        9
 Summon Small Mammal      Summ           Unusable   N/A       N/A         1
 Tukima's Dance           Hex            Unusable   N/A       N/A         3
 Summon Ice Beast         Ice/Summ       Unusable   N/A       N/A         4
 Death Channel            Necr           Unusable   N/A       N/A         6
 Summon Cactus Giant      Summ           Unusable   N/A       N/A         6

Dungeon Overview and Level Annotations

Branches:
Dungeon (15/15)            Temple (0/1) D:7            Lair (5/5) D:10
 Shoals (4/4) Lair:3        Snake (4/4) Lair:3        Slime (0/5) Lair:5
    Orc (2/2) D:12            Elf (3/3) Orc:2        Vaults (2/5) D:13
 Depths (0/4) D:15          Sewer (visited)          Bailey (visited)
  IceCv (visited)
  Crypt: Vaults:2-3

Altars:
Ashenzari
Cheibriados
Dithmenos
Fedhas
Hepliaklqana
Kikubaaqudgha
Makhleb
Okawaru
Qazlal
Trog
Uskayaw
Vehumet
Wu Jian
Yredelemnul

Shops:
D:10 =   Orc:2 [!((!:?(   Elf:1 *[*   Elf:2 =   Snake:1 *==:   Snake:2 (

Portals:
Pandemonium: Orc:2

Annotations:
D:9 1 runed translucent door, ytrimaz's ghost, novice FoFi
Lair:1 3 runed translucent doors, Emiriana's ghost, journeyman TrFi
Shoals:1 exclusion: 2 oklob plants
Shoals:3 1 runed translucent door, Juicyj's ghost, journeyman MiFi
Elf:2 3 runed translucent doors


Innate Abilities, Weirdness & Mutations

You have claws for hands.
You are completely covered in rugged brown scales. (AC +3, +7% HP)
Your demonic aura causes all spilled blood to erupt in flames.
Spells you cast and wands you use may paralyse nearby enemies.
You have a beak for a mouth.
Your flesh is heat resistant. (rF+)
Your spells are a little easier to cast, but a little less powerful.


Message History

Electricity crackles from the ironbound thunderhulk's apparatus.
The bolt of lightning hits you! You resist.
The orc warlord hits you with a +0 great mace.
The stone giant is engulfed in blazing flames.
The stone giant hits you but does no damage.
The stone giant is engulfed in blazing flames.
The stone giant hits you!!
The great orb of eyes is engulfed in blazing flames.
The great orb of eyes bites you!
Strange energies crackle from the ironbound thunderhulk's apparatus.
The ironbound thunderhulk blinks!
The orc warlord hits you but does no damage.
The entropy weaver gestures at you while chanting.
The entropic weave corrodes you!
Strange energies crackle from the ironbound thunderhulk's apparatus.
The ironbound thunderhulk blinks!
The orc warlord hits you with a +0 great mace!!
* * * LOW HITPOINT WARNING * * *
The stone giant is engulfed in blazing flames.
The stone giant completely misses you.
The great orb of eyes is engulfed in blazing flames.
The great orb of eyes bites you.
* * * LOW HITPOINT WARNING * * *
The stone giant is engulfed in blazing flames.
The stone giant hits you!!
* * * LOW HITPOINT WARNING * * *
The orc warlord is engulfed in blazing flames.
The orc warlord hits you with a +0 great mace!
* * * LOW HITPOINT WARNING * * *
The great orb of eyes is engulfed in blazing flames.
The great orb of eyes barely misses you.
The stone giant is engulfed in blazing flames.
The stone giant hits you!!
* * * LOW HITPOINT WARNING * * *
The great orb of eyes is engulfed in blazing flames.
You kill the great orb of eyes!
Okawaru accepts your kill.
The orc warlord is engulfed in blazing flames.
The orc warlord hits you with a +0 great mace!
You die...

.....#.#.....#.....#..#.#.##.'...
[....'....#....#......#.##..##...
.....#......#....#....'.##..##...
.....#..#.....#.....#.#.#.##.#...
#######################.#'####...
.................................
.................................
#'##############'#######'########
#..# #@§B# #.....^# #..#


#CoW# #......# #..# )O...[$ #......# #..##### .......!##.>....# #......#
O..###...##......# .......# #...#{#...##......# ..###### #...###...#####'#####
.## #...?::...# #........ ..###### #........ You could see an orc warlord, a
stone giant, 2 ironbound thunderhulks, an entropy weaver and a phantasmal
warrior.

Vanquished Creatures
  Nikola (Shoals:4)
  2 quicksilver dragons (Snake:4)
  3 deep elf blademasters (Elf:3)
  3 deep elf master archers (Elf:3)
  A kraken (Shoals:3)
  Kirke (Snake:4)
  Donald (Shoals:4)
  A storm dragon (Shoals:4)
  4 nagarajas
  A tengu reaver (D:14)
  A rockslime (IceCv)
  A fire giant (D:14)
  3 azure jellies (IceCv)
  A deep elf elementalist (Elf:3)
  6 vault wardens
  4 quicksilver oozes (IceCv)
  13 ironbound preservers
  5 very ugly things
  An orc warlord (Vaults:1)
  5 deep elf sorcerers (Elf:3)
  Nessos (Orc:2)
  3 ironbound thunderhulks
  A stone giant (Vaults:2)
  6 deep elf demonologists
  2 dire elephants
  8 deep elf annihilators (Elf:3)
  A crystal guardian (Vaults:2)
  8 deep elf death magi
  3 ettins
  An entropy weaver (Vaults:2)
  5 yaktaur captains
  8 deep elf high priests (Elf:3)
  11 merfolk javelineers
  A fire dragon (Lair:5)
  4 great orbs of eyes
  13 merfolk impalers
  4 vault guards
  2 ogre magi
  A merfolk avatar (Shoals:2)
  3 salamander tyrants (Snake:4)
  A rakshasa (Abyss:3)
  An alligator snapping turtle (Shoals:3)
  A peacekeeper (Vaults:2)
  Erolcha (D:12)
  6 ironbound frosthearts
  3 demonspawn (Orc:2)
  2 catoblepae
  6 boulder beetles
  18 centaur warriors
  6 dancing weapons
  8 two-headed ogres
  3 death yaks
  5 naga warriors
  7 anacondas
  A death knight (D:15)
  3 satyrs
  2 thrashing horrors (Abyss:3)
  4 merfolk aquamancers
  2 tengu warriors
  4 naga sharpshooters
  A hell hog (Abyss:3)
  5 orc high priests
  6 shock serpents
  5 hell knights (D:15)
  A shock serpent (shapeshifter) (Elf:3)
  10 deep elf knights
  A sun demon (Orc:2)
  3 wretched stars (Abyss:3)
  A soul eater (D:15)
  4 salamander mystics
  4 skysharks
  4 skeletal warriors (D:14)
  2 sixfirhies (D:15)
  A glowing orange brain (Vaults:1)
  A swamp dragon (shapeshifter) (Elf:3)
  11 naga ritualists
  13 sea snakes
  40 deep trolls
  4 ironbound convokers
  A flayed ghost (D:14)
  An orange crystal statue (IceCv)
  4 wizards
  11 deep elf archers
  2 obsidian statues (D:15)
  7 ugly things
  11 harpies
  3 necromancers
  7 lindwurms
  11 orc knights
  10 orc sorcerers
  18 mana vipers
  25 deep elf pyromancers
  17 deep elf zephyrmancers
  9 cyclopes
  17 manticores
  20 fauns
  10 merfolk sirens
  A worldbinder (Abyss:3)
  4 rust devils
  16 salamanders
  3 elephants (Lair:5)
  10 vault sentinels
  Maurice (D:12)
  40 black mambas
  7 guardian serpents
  6 torpor snails (Lair:5)
  13 naga magi
  8 water nymphs
  4 gargoyles
  A demonic crawler (Abyss:3)
  2 orange demons
  2 efreet (D:15)
  8 cane toads
  An unseen horror (D:9)
  6 rime drakes
  10 komodo dragons
  Psyche (D:12)
  5 tengu conjurers
  23 yaktaurs
  An ice devil (D:15)
  A yaktaur skeleton (Vaults:1)
  3 red devils (D:15)
  2 freezing wraiths (D:15)
  An ancient zyme (Abyss:3)
  2 polar bears (Lair:4)
  5 trolls
  A wolf spider simulacrum (D:14)
  14 wind drakes
  4 tyrant leeches (Lair:5)
  31 merfolk
  2 hellwings (D:15)
  A harpy skeleton (Abyss:3)
  9 hornets
  A sphinx simulacrum (Vaults:1)
  5 large abominations (Abyss:3)
  9 snapping turtles
  11 dream sheep
  8 blink frogs
  3 shadows
  13 air elementals
  3 flying skulls (Abyss:3)
  41 slime creatures
  24 water elementals
  2 wyverns
  3 vampires
  47 yaks
  3 wraiths (D:15)
  A fire elemental (Elf:3)
  A hog (shapeshifter) (D:14)
  A ynoxinul (Abyss:3)
  7 basilisks
  19 humans
  4 hogs (Snake:4)
  2 neqoxecs
  3 steam dragons
  A human (shapeshifter) (D:14)
  A chaos spawn (D:15)
  2 small abominations (Abyss:3)
  A golden eye (Abyss:3)
  4 wargs (Orc:2)
  2 vampire mosquitoes (D:14)
  23 nagas
  Duvessa (D:7)
  2 acid dragons (D:9)
  9 water moccasins
  A swamp drake (D:12)
  38 orc warriors
  2 ice beasts
  A glowing shapeshifter skeleton (Vaults:1)
  2 black bears
  A sky beast (D:7)
  2 ogres
  13 wolves
  2 great orb of eyes simulacra (IceCv)
  4 boggarts (D:15)
  12 centaurs
  An orc skeleton (Vaults:1)
  A phantom (D:5)
  6 slime creature simulacra (IceCv)
  2 earth elementals
  6 kobold brigands
  4 gnoll sergeants
  9 bullfrogs
  3 glowing shapeshifter simulacra (IceCv)
  3 scorpions
  13 wights
  Dowan (D:7)
  6 wolf zombies (Bailey)
  4 howler monkeys
  7 vampire bats (Bailey)
  2 jellies
  24 orc priests
  4 iguanas
  4 sleepcaps
  15 orc wizards
  2 hell rats (Lair:3)
  3 gnolls (D:10)
  9 adders
  16 river rats
  2 ufetubi (D:6)
  4 worms
  A dart slug (D:2)
  90 orcs
  13 ball pythons
  7 endoplasms
  5 giant cockroaches
  12 goblins
  10 hobgoblins
  6 jackals
  3 quokkas
  3 bats (D:1)
  9 frilled lizards
  27 kobolds
  19 orc zombies (Bailey)
  11 rats
  A tentacle (Shoals:3)
1481 creatures vanquished.

Vanquished Creatures (others)
  A deep elf sorcerer (Elf:3)
  A deep elf annihilator (Elf:3)
  A necromancer (Vaults:1)
  A harpy (Shoals:4)
  A deep elf pyromancer (Elf:2)
  A naga mage (Snake:3)
  A centaur simulacrum (D:14)
  A golden eye (shapeshifter) (Elf:1)
  A boggart (D:15)
  An orc wizard (D:9)
  21 fungi
  152 plants
  3 tentacles (Shoals:3)
186 creatures vanquished.

Grand Total: 1667 creatures vanquished

Notes
Turn   | Place    | Note
-------+----------+-------------------------------------------
     0 | D:1      | jasper the Demonspawn Gladiator began the quest for the
                  | Orb.
     0 | D:1      | Reached XP level 1. HP: 16/16 MP: 1/1
   372 | D:1      | Gained mutation: You are partially covered in rugged brown
                  | scales. (AC +1, +3% HP) [demonic ancestry]
   372 | D:1      | Reached XP level 2. HP: 16/22 MP: 2/2
   666 | D:1      | Reached skill level 1 in Armour
  1093 | D:2      | Gained mutation: You have sharp fingernails. [demonic
                  | ancestry]
  1093 | D:2      | Reached XP level 3. HP: 28/28 MP: 3/3
  1121 | D:2      | Found a faded altar of an unknown god.
  1235 | D:2      | Found an iron altar of Okawaru.
  1246 | D:2      | Became a worshipper of Warmaster Okawaru
  2009 | D:3      | Reached XP level 4. HP: 19/35 MP: 4/4
  2019 | D:3      | Gained mutation: Your flesh is heat resistant. (rF+)
                  | [potion of mutation]
  2019 | D:3      | Gained mutation: You have a beak for a mouth. [potion of
                  | mutation]
  2442 | D:3      | Reached skill level 3 in Fighting
  2513 | D:3      | Found a glowing drain.
  2518 | Sewer    | Entered a sewer
  2609 | Sewer    | Gained mutation: You have very sharp fingernails. [demonic
                  | ancestry]
  2609 | Sewer    | Reached XP level 5. HP: 28/42 MP: 5/5
  2984 | Sewer    | Reached skill level 5 in Axes
  3116 | Sewer    | Reached XP level 6. HP: 27/49 MP: 6/6
  3236 | Sewer    | Reached skill level 4 in Fighting
  3288 | Sewer    | Reached * piety under Okawaru
  3742 | D:4      | Reached skill level 1 in Invocations
  4200 | D:5      | Entered Level 5 of the Dungeon
  4274 | D:5      | Gained mutation: Spells you cast may paralyse adjacent
                  | enemies. [demonic ancestry]
  4274 | D:5      | Reached XP level 7. HP: 52/55 MP: 9/9
  4510 | D:5      | Found a basalt altar of Yredelemnul.
  4631 | D:5      | Found the ring of the Octopus King
  4645 | D:5      | Identified a ring of the Octopus King {rF+ HP+2 AC+2 EV+2
                  | SH+2}
  5324 | D:6      | Found a broken altar of Ashenzari.
  5343 | D:6      | Noticed a steam dragon
  5354 | D:6      | Killed a steam dragon
  5355 | D:6      | Gained mutation: You are mostly covered in rugged brown
                  | scales. (AC +2, +5% HP) [demonic ancestry]
  5355 | D:6      | Reached XP level 8. HP: 39/64 MP: 7/10
  5487 | D:6      | Found a stormy altar of Qazlal.
  5507 | D:6      | Reached ** piety under Okawaru
  5508 | D:6      | Reached skill level 5 in Fighting
  5813 | D:6      | Found a burning altar of Makhleb.
  5814 | D:6      | Found an iron altar of Okawaru.
  6030 | D:7      | Noticed Duvessa
  6030 | D:7      | Found a bloodstained altar of Trog.
  6030 | D:7      | Found an ornate altar of the Wu Jian Council.
  6032 | D:7      | Noticed Dowan
  6039 | D:7      | Killed Duvessa
  6055 | D:7      | Killed Dowan
  6097 | D:7      | Found a blossoming altar of Fedhas.
  6250 | D:7      | Noticed a hornet
  6258 | D:7      | Killed a hornet
  6259 | D:7      | Reached skill level 6 in Fighting
  6365 | D:7      | Reached XP level 9. HP: 68/72 MP: 11/11
  6445 | D:7      | Found a staircase to the Ecumenical Temple.
  6974 | D:8      | Noticed a two-headed ogre
  6997 | D:8      | Killed a two-headed ogre
  6998 | D:8      | Reached skill level 7 in Fighting
  6998 | D:8      | Reached skill level 5 in Armour
  7179 | D:8      | Found a snail-covered altar of Cheibriados.
  7179 | D:8      | Found a flagged portal.
  7179 | D:8      | Noticed a two-headed ogre
  7196 | D:8      | Killed a two-headed ogre
  7196 | D:8      | Reached *** piety under Okawaru
  7197 | D:8      | Reached XP level 10. HP: 82/82 MP: 9/12
  7230 | Bailey   | Entered a bailey
  7373 | Bailey   | Reached skill level 10 in Axes
  7458 | Bailey   | Noticed a gargoyle
  7471 | Bailey   | Killed a gargoyle
  7957 | D:8      | Noticed a two-headed ogre
  7969 | D:8      | Killed a two-headed ogre
  7970 | D:8      | Reached skill level 8 in Fighting
  8331 | D:8      | Found an ancient bone altar of Kikubaaqudgha.
  8558 | D:9      | Found a runed translucent door.
  8815 | D:9      | Reached **** piety under Okawaru
  8919 | D:9      | Identified a scroll of acquirement
  8919 | D:9      | Acquired the ring "Tifazase" {rPois rF+++ Int-4 Dex+6
                  | Stlth+}
  9145 | D:9      | Noticed ytrimaz's ghost (novice FoFi)
  9189 | D:9      | Received a gift from Okawaru
  9356 | D:9      | Found a radiant altar of Vehumet.
  9389 | D:10     | Entered Level 10 of the Dungeon
  9406 | D:10     | Found a staircase to the Lair.
  9546 | D:10     | Reached XP level 11. HP: 89/90 MP: 13/13
  9568 | D:10     | Noticed a two-headed ogre
  9578 | D:10     | Killed a two-headed ogre
  9724 | D:10     | Found a hazy altar of Hepliaklqana.
  9729 | D:10     | Found a shadowy altar of Dithmenos.
  9802 | D:10     | Found Veanac's Jewellery Boutique.
 10631 | D:4      | Identified the +1 ring mail of the Trees {rElec}
 10898 | D:11     | Noticed a two-headed ogre
 10907 | D:11     | Reached skill level 9 in Fighting
 10918 | D:11     | Killed a two-headed ogre
 10919 | D:11     | Reached skill level 1 in Shields
 11023 | D:11     | Noticed a green ugly thing
 11170 | Lair:1   | Entered Level 1 of the Lair of Beasts
 11448 | Lair:1   | Reached ***** piety under Okawaru
 11806 | Lair:1   | Received a gift from Okawaru
 11921 | Lair:1   | Found a runed translucent gate.
 11921 | Lair:1   | Found a runed translucent gate.
 11921 | Lair:1   | Found a runed translucent gate.
 11924 | Lair:1   | Noticed Emiriana's ghost (journeyman TrFi)
 11924 | Lair:1   | Noticed an 11-headed hydra
 12539 | Lair:2   | Reached XP level 12. HP: 86/101 MP: 14/14
 12861 | Lair:2   | Reached skill level 10 in Fighting
 13876 | Lair:3   | Found a staircase to the Shoals.
 14019 | Lair:3   | Found a staircase to the Snake Pit.
 14123 | Lair:3   | Gained mutation: Spells you cast may paralyse nearby
                  | enemies. [demonic ancestry]
 14123 | Lair:3   | Reached XP level 13. HP: 108/108 MP: 15/21
 14653 | Lair:4   | Received a gift from Okawaru
 15422 | Lair:4   | Found a hide-covered altar of Uskayaw.
 15422 | Lair:4   | Found an ornate altar of the Wu Jian Council.
 15711 | Lair:4   | Received a gift from Okawaru
 15713 | Lair:4   | Reached skill level 5 in Shields
 16259 | D:11     | Received a gift from Okawaru
 17043 | D:12     | Noticed Psyche
 17053 | D:12     | Killed Psyche
 17432 | D:12     | Noticed Erolcha
 17444 | D:12     | Killed Erolcha
 17632 | D:12     | Noticed Maurice
 17674 | D:12     | Killed Maurice
 17674 | D:12     | Received a gift from Okawaru
 17741 | D:12     | Reached skill level 11 in Fighting
 18011 | D:12     | Gained mutation: Your demonic aura sometimes causes spilled
                  | blood to erupt in flames. [demonic ancestry]
 18011 | D:12     | Reached XP level 14. HP: 118/118 MP: 22/22
 18206 | D:12     | Found a staircase to the Orcish Mines.
 18463 | Orc:1    | Entered Level 1 of the Orcish Mines
 18794 | Orc:2    | Entered Level 2 of the Orcish Mines
 19351 | Orc:2    | Noticed Nessos
 19354 | Orc:2    | Found a staircase to the Elven Halls.
 19376 | Orc:2    | Killed Nessos
 19582 | Orc:2    | Found Itauhon's Distillery.
 19584 | Orc:2    | Found Hudagoh's Magic Scroll Shop.
 19637 | Orc:2    | Bought a scroll of teleportation for 51 gold pieces
 19637 | Orc:2    | Bought a scroll of teleportation for 51 gold pieces
 19637 | Orc:2    | Bought a scroll of immolation for 68 gold pieces
 19650 | Orc:2    | Bought a potion of curing for 48 gold pieces
 19650 | Orc:2    | Bought a potion of might for 64 gold pieces
 19650 | Orc:2    | Bought a potion of ambrosia for 128 gold pieces
 19743 | Orc:2    | Found Puwnyly's Armour Boutique.
 19743 | Orc:2    | Found Tataumn's Antique Weapon Shoppe.
 19743 | Orc:2    | Found Ryhaxou's Distillery.
 19830 | Orc:2    | Bought a potion of might for 64 gold pieces
 19830 | Orc:2    | Bought a potion of curing for 48 gold pieces
 19830 | Orc:2    | Bought a potion of heal wounds for 80 gold pieces
 20180 | Orc:2    | Reached skill level 10 in Armour
 20555 | Orc:2    | Paralysed by an orc sorcerer for 3 turns
 20897 | Orc:2    | Reached skill level 15 in Axes
 20938 | Orc:2    | Paralysed by an orc sorcerer for 4 turns
 20969 | Orc:2    | Paralysed by an orc sorcerer for 4 turns
 20971 | Orc:2    | Received a gift from Okawaru
 21026 | Orc:2    | Found Wirisyh's Book Emporium.
 21026 | Orc:2    | Found Epliod's Antique Weapon Shoppe.
 21033 | Orc:2    | Found a one-way gate leading to the halls of Pandemonium.
 21219 | Orc:2    | Found Odovinef's Antique Weapon Shop.
 21525 | Orc:1    | Received a gift from Okawaru
 21848 | Lair:5   | Entered Level 5 of the Lair of Beasts
 22034 | Lair:5   | Reached skill level 12 in Fighting
 22442 | Lair:5   | Found a staircase to the Slime Pits.
 22816 | Lair:5   | Reached XP level 15. HP: 127/127 MP: 23/23
 22966 | Lair:5   | Found a runed translucent door.
 23315 | Orc:2    | Bought a manual of Axes for 1360 gold pieces
 24163 | D:13     | Received a gift from Okawaru
 24247 | D:13     | You are sucked into a shaft and drop 1 floor!
 24639 | D:13     | Found a gate to the Vaults.
 26188 | D:14     | Noticed a fire giant
 26223 | D:14     | Killed a fire giant
 26249 | D:14     | Received a gift from Okawaru
 26253 | D:14     | Reached skill level 13 in Fighting
 26382 | D:14     | Noticed a tengu reaver
 26390 | D:14     | Killed a tengu reaver
 26513 | D:15     | Entered Level 15 of the Dungeon
 26590 | D:15     | Reached ****** piety under Okawaru
 26610 | D:15     | Identified the +7 hand axe of Valour {vamp, rPois Str+7
                  | SInv Stlth-} (Okawaru gifted it to you on level 15 of the
                  | Dungeon)
 26610 | D:15     | Received a gift from Okawaru
 26776 | D:15     | Found a burning altar of Makhleb.
 26827 | D:15     | Gained mutation: You are completely covered in rugged brown
                  | scales. (AC +3, +7% HP) [demonic ancestry]
 26827 | D:15     | Reached XP level 16. HP: 65/138 MP: 22/24
 27194 | D:15     | Identified the +0 hand axe of Desertification {heavy, rPois
                  | Int+4} (Okawaru gifted it to you on level 15 of the
                  | Dungeon)
 27194 | D:15     | Received a gift from Okawaru
 27226 | D:15     | Reached skill level 10 in Shields
 27399 | D:15     | Found a staircase to the Depths.
 27769 | D:15     | Found a burning altar of Makhleb.
 27769 | D:15     | Found the +16 obsidian axe {drain, demonic, Mesm Drain Fly
                  | SInv}
 28016 | Snake:1  | Entered Level 1 of the Snake Pit
 28016 | Snake:1  | You are sucked into a shaft and drop 1 floor!
 28024 | Snake:2  | Found Caufiff's Antique Weapon Emporium.
 28146 | Snake:1  | Found Jabas's Jewellery Shoppe.
 28146 | Snake:1  | Found Lyd Xuir's Jewellery Emporium.
 28147 | Snake:1  | Found Wotaigh's General Store.
 28151 | Snake:1  | Bought a scroll of immolation for 60 gold pieces
 28151 | Snake:1  | Bought 5 boomerangs for 150 gold pieces
 28151 | Snake:1  | Found Ucasch's Book Shoppe.
 28329 | Snake:1  | Identified the ring "Cuabrauh" {rPois rF+ Slay+6}
 28398 | Snake:1  | Identified the +1 scale mail of Proximity {rPois Dex+2}
                  | (Okawaru gifted it to you on level 1 of the Snake Pit)
 28398 | Snake:1  | Received a gift from Okawaru
 29350 | Snake:2  | Reached skill level 14 in Fighting
 30144 | Snake:3  | Identified the +2 scale mail of Catatonia {rN+ Str+4 Int+5
                  | Dex-5} (Okawaru gifted it to you on level 3 of the Snake
                  | Pit)
 30144 | Snake:3  | Received a gift from Okawaru
 30498 | Snake:4  | Entered Level 4 of the Snake Pit
 30512 | Snake:4  | HP: 7/145 [shock serpent (10)]
 30640 | Snake:4  | Reached skill level 5 in Throwing
 30748 | Snake:4  | Gained mutation: Spells you cast and wands you use may
                  | paralyse nearby enemies. [demonic ancestry]
 30748 | Snake:4  | Reached XP level 17. HP: 148/149 MP: 13/25
 31046 | Snake:4  | Noticed Kirke
 31062 | Snake:4  | Killed Kirke
 31063 | Snake:4  | Reached skill level 15 in Fighting
 31535 | Snake:4  | Noticed a quicksilver dragon
 31535 | Snake:4  | Noticed a quicksilver dragon
 31543 | Snake:4  | Killed a quicksilver dragon
 31550 | Snake:4  | Killed a quicksilver dragon
 31572 | Snake:4  | Got a serpentine rune of Zot
 31649 | Snake:4  | Identified the +2 scale mail of Dodesonn {rC+ Str+5}
                  | (Okawaru gifted it to you on level 4 of the Snake Pit)
 31649 | Snake:4  | Received a gift from Okawaru
 32046 | Shoals:1 | Entered Level 1 of the Shoals
 32605 | Shoals:1 | Reached skill level 16 in Fighting
 33157 | Shoals:2 | Found a frozen archway.
 33171 | IceCv    | Entered an ice cave
 33405 | IceCv    | Reached XP level 18. HP: 138/138 MP: 26/26
 33667 | IceCv    | Received a gift from Okawaru
 33696 | IceCv    | Found a viscous altar of Jiyva.
 33767 | IceCv    | Identified the ring of Veank {Str+4 SInv}
 33771 | IceCv    | Got the ring of Zinuk {rC+ Str+3 Stlth+}
 33775 | IceCv    | Got the ring of Fysh {rC+ MP+9 Dex+6}
 33780 | IceCv    | Identified the +12 ice dragon scales "Urotu Yxt" {Rampage
                  | rElec rPois rF- rC++ Int-5}
 34311 | Shoals:2 | Reached skill level 15 in Shields
 34584 | Shoals:3 | Received a gift from Okawaru
 34738 | Shoals:3 | Found a runed translucent door.
 34748 | Shoals:3 | Noticed Juicyj's ghost (journeyman MiFi)
 34775 | Shoals:3 | Found the +9 sword of Zonguldrok {reap}
 35549 | Shoals:4 | Entered Level 4 of the Shoals
 35822 | Shoals:4 | Noticed Donald
 35836 | Shoals:4 | Killed Donald
 35836 | Shoals:4 | Received a gift from Okawaru
 35955 | Shoals:4 | Reached skill level 10 in Throwing
 36007 | Shoals:4 | Got the Elucidation of the Brumal Adder
 36010 | Shoals:4 | Got a barnacled rune of Zot
 36030 | Shoals:4 | Identified the +2 leather armour of the Bull {rElec rCorr}
 36179 | Shoals:4 | Paralysed by an air elemental for 1 turns
 36184 | Shoals:4 | Paralysed by an air elemental for 1 turns
 36349 | Shoals:4 | Paralysed by an air elemental for 1 turns
 36409 | Shoals:4 | Received a gift from Okawaru
 36535 | Shoals:4 | Paralysed by an air elemental for 1 turns
 36684 | Shoals:4 | Paralysed by an air elemental for 1 turns
 36720 | Shoals:4 | Noticed Nikola
 36733 | Shoals:4 | Gained mutation: Your demonic aura often causes spilled
                  | blood to erupt in flames. [demonic ancestry]
 36733 | Shoals:4 | Reached XP level 19. HP: 170/170 MP: 19/27
 36733 | Shoals:4 | Killed Nikola
 37045 | Elf:1    | Entered Level 1 of the Elven Halls
 37375 | Elf:1    | Paralysed by an air elemental for 1 turns
 37408 | Elf:1    | Reached skill level 17 in Fighting
 37409 | Elf:1    | Identified the +11 trident "Beastslayer" {vamp, Int+3}
 37417 | Elf:1    | Received a gift from Okawaru
 37714 | Elf:1    | Found Yrorao's General Store.
 37716 | Elf:1    | Found Orongumoik's Antique Armour Shoppe.
 37718 | Elf:1    | Found Weept's Assorted Antiques.
 37722 | Elf:1    | Bought a scroll of teleportation for 39 gold pieces
 37726 | Elf:1    | Bought a scroll of teleportation for 117 gold pieces
 37937 | Elf:2    | Found Nasos's Jewellery Shoppe.
 37954 | Elf:2    | Reached skill level 5 in Dodging
 37963 | Elf:2    | Identified the +8 hand axe of the Vestibule of Hell
                  | {freeze, rC+ Dex+5 SInv Stlth-} (Okawaru gifted it to you
                  | on level 2 of the Elven Halls)
 37963 | Elf:2    | Received a gift from Okawaru
 38195 | Elf:2    | Found a runed translucent gate.
 38195 | Elf:2    | Found a runed translucent gate.
 38196 | Elf:2    | Found a runed translucent gate.
 38416 | Elf:3    | Entered Level 3 of the Elven Halls
 38417 | Elf:3    | Paralysed by an air elemental for 1 turns
 38424 | Elf:3    | Paralysed by an air elemental for 1 turns
 38889 | Elf:3    | Identified the +5 flail of Siosied {flame, Fly Will+ MP+9
                  | Str-4}
 38901 | Abyss:3  | Cast into level 3 of the Abyss (a deep elf sorcerer)
 38950 | Abyss:3  | Received a gift from Okawaru
 39312 | Abyss:3  | Gained mutation: Your spells are easier to cast, but less
                  | powerful. [a neqoxec]
 39328 | Elf:3    | Escaped the Abyss
 39339 | Elf:3    | Reached skill level 18 in Fighting
 39349 | Elf:3    | Paralysed by an air elemental for 1 turns
 39355 | Elf:3    | Paralysed by an air elemental for 1 turns
 39740 | Elf:3    | Noticed a Brimstone Fiend
 39794 | Elf:3    | Identified the ring "Yciyceil" {rPois Str+6}
 39832 | Elf:3    | Identified the +0 troll leather armour of Music {Will+
                  | Regen+} (Okawaru gifted it to you on level 3 of the Elven
                  | Halls)
 39832 | Elf:3    | Received a gift from Okawaru
 39901 | Elf:3    | Noticed a Tzitzimitl
 39904 | Elf:3    | Noticed a Brimstone Fiend
 40122 | Elf:3    | Gained mutation: You have claws for hands. [demonic
                  | ancestry]
 40122 | Elf:3    | Reached XP level 20. HP: 184/184 MP: 28/28
 40180 | Elf:3    | Identified the ring "Lakepoph" {Will+ Int+5 Dex-5}
 40264 | Elf:3    | Identified the ring "Foroax" {Will+ Dex+4 Stlth+}
 40414 | Elf:3    | Identified the +4 chain mail of Saogol {MP+9 Str+3 Dex-4
                  | Stlth+}
 40427 | Elf:3    | Found the +8 storm bow {elec, penet}
 40790 | Vaults:1 | Entered Level 1 of the Vaults
 40926 | Vaults:1 | Reached skill level 19 in Fighting
 41453 | Vaults:1 | Reached skill level 15 in Armour
 41559 | Vaults:1 | Identified the +4 broad axe of the Hidden Vale {speed,
                  | Drain rC+ MP+9 Str+6} (Okawaru gifted it to you on level 1
                  | of the Vaults)
 41559 | Vaults:1 | Received a gift from Okawaru
 42094 | Vaults:1 | Reached skill level 20 in Fighting
 42563 | Vaults:2 | Reached skill level 10 in Dodging
 42685 | Vaults:2 | Identified the +7 war axe of Miro {heavy, rPois} (Okawaru
                  | gifted it to you on level 2 of the Vaults)
 42685 | Vaults:2 | Received a gift from Okawaru
 42728 | Vaults:2 | Gained mutation: Your demonic aura causes all spilled blood
                  | to erupt in flames. [demonic ancestry]
 42728 | Vaults:2 | Reached XP level 21. HP: 101/195 MP: 29/29
 43374 | Vaults:2 | Paralysed by a great orb of eyes for 5 turns
 43378 | Vaults:2 | HP: 7/186 [stone giant (19)]
 43378 | Vaults:2 | Mangled by an orc warlord

Illustrated notes

Levels and vault maps discovered:
D:1:      dpeg_arrival_houses_and_road, layout_loops_ring,
          kennysheep_minor_cross
D:2:      layout_loops_ring, chequers_ecumenical_altar_island, basic_altar
D:3:      layout_basic, lightli_sewer_entry_pipes, reono_crystal_passage
D:4:      minmay_inner_zag, layout_loops_ring
D:5:      layout_loops_ring, kennysheep_ying_yang
D:6:      layout_gridville, mainiacjoe_overflow_chevrons,
          mainiacjoe_overflow_divided_tiny, nicolae_qazlal_eye_of_the_storm,
          skrybe_limestone_x, nrook_loot_triangle, lexackson_kobold_supper
D:7:      layout_cave_pools, chequers_temple_overflow_statue_of_worship,
          minmay_temple_entry_wispy, uniq_duvessa
D:8:      hellmonk_ruined_rings, layout_loops_ring, mainiacjoe_overflow_paths,
          mainiacjoe_overflow_alcove_2, enter_bailey_5, moated_statue,
          corexii_corridor_pit
D:9:      layout_cave_pools, kennysheep_mini_moat,
          ebering_ghost_reflecting_pool, st_stairs_4, minmay_puff
D:10:     layout_roguey, riverfiend_overflow_shadow_ancestor, dpeg_oklobed_lair,
          serial_shops, shop_fountains, serial_curves, eino_curves_02,
          eino_curves_04, nicolae_titane
D:11:     layout_cave_pools
D:12:     layout_irregular_city, erik_orc_1, kennysheep_cross_room,
          roderic_lattice_a, uniq_erolcha, uniq_maurice, uniq_psyche
D:13:     layout_irregular_city, grunt_vaults_entry_tiered
D:14:     thingy_vault, layout_loops_cross
D:15:     hangedman_depths_entry_try_elsewhere_first, layout_long_grid,
          nicolae_eternal_life, grunt_guarded_unrand_obsidian_axe
Lair:1:   layout_chaotic_city, gammafunk_ghost_hydra_chop, lemuel_fruit_tree,
          infiniplex_staircase_pool
Lair:2:   layout_cave_pods, beast_lair_carwin_1
Lair:3:   layout_loops_ring, elwin_shoals_entry_rooms,
          guppyfry_snake_entry_island, kennysheep_rathole
Lair:4:   layout_gridlike, minmay_hedge_maze, small_statue_intersection,
          nzn_masters_of_martial_movement, grunt_megastairs_4
Lair:5:   wormcave, layout_hall_layers, slime_entry_1, patterned_corridor
Shoals:1: layout_shoals, nicolae_shoals_this_corrosion
Shoals:2: layout_shoals, portal_ice_cave_entry_pillars_three
Shoals:3: layout_shoals, ebering_ghost_reflecting_pool
Shoals:4: shoals_end_hellmonk_storm_palace [storm_palace_center_circular,
          storm_palace_corner_reverse_hut, storm_palace_corner_pillars,
          storm_palace_corner_blocked, storm_palace_corner_pillars],
          uniq_nikola, uniq_donald
Snake:1:  layout_gridlike, hangedman_snake_thin_pillar_pass, minmay_shoptagon
Snake:2:  layout_grid_maze, serial_shops, shop
Snake:3:  layout_misc_corridors, guppyfry_library_mini, grunt_megastairs_3
Snake:4:  hellmonk_snake_rune_quicksilver_temple, layout_rooms, uniq_kirke
Orc:1:    layout_diamond_mine, mines2_david
Orc:2:    pf_orc_diabolical, layout_caves, serial_shops,
          nicolae_shop_overgrown_old_shop, guppyfry_orc_lava_fort, uniq_nessos
Elf:1:    nicolae_elf_arrival_aired_out, layout_onion_city,
          minmay_elf_demonology, minmay_shop_star
Elf:2:    elven_hall_of_blades_hangedman_original
          [infiniplex_blade_entry_pillars], layout_geoelf_octagon, serial_shops,
          nicolae_stop_n_shop_2
Elf:3:    nooodl_elf_gasket, layout_geoelf_octagon, fountainhead, hex_medium
Vaults:1: nicolae_vaults_quartermaster, v_alt_pattern_5,
          hangedman_vaults_slither, nicolae_vaults_what_the_h,
          nicolae_vaults_three_branches, ontoclasm_vaults_loading_screen,
          nicolae_vaults_little_squares_4, v_misc_30, vaults_room_fours,
          hangedman_vaults_stretched_pinwheel, layout_vaults_chaotic_city
Vaults:2: ontoclasm_vaults_shuriken, nicolae_vaults_hallways_thing,
          hangedman_vaults_trim, ontoclasm_vaults_chip,
          dpeg_vaults_hating_casters, hangedman_vaults_trim, vaults_room_pools,
          vaults_mumra_hex, dpeg_vaults_monster_row,
          nicolae_vaults_mini_display_case, ontoclasm_vaults_ring_small,
          vaults_dpeg_ring, vaults_room_door_ring, vaults_room_grid,
          layout_vaults_omnicross, trove_entry_hex_spiral

Skill      XL: |  1  2  3  4  5  6  7  8  9 10 11 12 13 14 15 16 17 18 19 20 21 |
---------------+----------------------------------------------------------------+-----
Axes           | 3 4 5 6 7 9 11 12 14 15 18 | 18.0
Armour         | 1 2 4 5 7 8 9 10 11 12 13 14 15 | 15.0
Fighting       | 3 4 6 7 8 9 10 11 12 13 14 16 18 20 | 20.0
Invocations    | 3 11 | 11.4
Throwing       | 3 5 6 10 | 10.0
Shields        | 3 4 5 7 9 11 13 15 | 15.0
Dodging        | 4 7 11 12 | 12.4
Long Blades    | |  0.7

Action                     |  1- 3 |  4- 6 |  7- 9 | 10-12 | 13-15 | 16-18 | 19-21 || total
---------------------------+-------+-------+-------+-------+-------+-------+-------++-------
  Melee: War axe           |    58 |   174 |   205 |   298 |       |       |       ||   735
         Long sword        |    82 |    12 |       |     2 |       |       |       ||    96
         Punch             |     2 |       |     4 |    13 |       |       |       ||    19
         Peck              |       |    29 |    44 |   172 |   397 |   496 |   314 ||  1452
         Broad axe         |       |       |       |   324 |  1381 |  1522 |   852 ||  4079
  Throw: Stone             |     9 |     1 |     4 |       |       |       |       ||    14
         Throwing net      |     1 |     1 |     2 |     2 |       |       |       ||     6
         Dart              |       |       |    36 |    61 |   234 |    10 |       ||   341
         Boomerang         |       |       |       |     8 |       |   170 |    93 ||   271
         Javelin           |       |       |       |       |     3 |       |     8 ||    11
 Invoke: Heroism           |       |     1 |     5 |     7 |    16 |     7 |     4 ||    40
         Finesse           |       |       |       |       |     4 |     5 |     5 ||    14
  Evoke: Wand              |       |       |     1 |     1 |     7 |     3 |       ||    12
         Condenser vane    |       |       |       |       |       |     2 |     4 ||     6
         Tin of tremorston |       |       |       |       |       |       |     4 ||     4
    Use: Scroll            |     6 |     4 |     4 |     8 |     6 |     9 |     7 ||    44
         Potion            |       |     4 |     1 |     5 |     2 |     9 |       ||    21
   Stab: Held in net/web   |     1 |       |       |       |       |     2 |       ||     3
         Sleeping          |       |       |       |     2 |       |       |       ||     2
         Invisible         |       |       |       |       |     2 |       |       ||     2
         Paralysed         |       |       |       |       |       |     4 |       ||     4
         Confused          |       |       |       |       |       |     4 |     5 ||     9
         Distracted        |       |       |       |       |       |     1 |       ||     1
 Armour: Ring mail         |    36 |       |       |       |       |       |       ||    36
         Scale mail        |    33 |    63 |   112 |   281 |       |       |       ||   489
         Chain mail        |       |       |       |    28 |   201 |       |       ||   229
         Plate armour      |       |       |       |       |   534 |   551 |       ||  1085
         Ice dragon scales |       |       |       |       |       |   253 |   311 ||   564
  Dodge: Dodged            |   101 |   100 |   145 |   375 |   437 |   472 |   255 ||  1885
  Block: Other             |       |       |    14 |    36 |     2 |       |       ||    52
         Kite shield       |       |       |       |       |  1117 |  1390 |   711 ||  3218
         Reflection        |       |       |       |       |       |     3 |    81 ||    84

Table legend: (Time is in decaauts)
 A = Elapsed time spent in this place.
 B = Non-inter-level travel time spent in this place.
 C = Inter-level travel time spent in this place.
 D = Time resting spent in this place.
 E = Time spent auto-exploring this place.
 F = Levels seen in this place.
 G = Mean time per level.
                   A        B        C        D        E       F      G
               +--------+--------+--------+--------+--------+-----+--------+
         Total |  42990 |  39812 |   3178 |   2458 |  26506 |  39 | 1102.3 |
       Dungeon |  16117 |  14678 |   1439 |    577 |  10463 |  15 | 1074.5 |
          Lair |   7149 |   6487 |    662 |     14 |   5002 |   5 | 1429.8 |
        Shoals |   3872 |   3636 |    236 |     82 |   2193 |   4 |  968.0 |
     Snake Pit |   3868 |   3653 |    215 |    233 |   2548 |   4 |  967.0 |
  Orcish Mines |   3483 |   3133 |    350 |    510 |   1930 |   2 | 1741.5 |
   Elven Halls |   3046 |   2789 |    257 |    401 |   1497 |   3 | 1015.3 |
        Vaults |   2403 |   2386 |     17 |    411 |   1325 |   2 | 1201.5 |
         Abyss |    403 |    403 |      0 |      0 |    216 |   1 |  403.0 |
         Sewer |   1239 |   1239 |      0 |      7 |    866 |   1 | 1239.0 |
        Bailey |    718 |    718 |      0 |    178 |    239 |   1 |  718.0 |
      Ice Cave |    685 |    685 |      0 |     44 |    225 |   1 |  685.0 |
               +--------+--------+--------+--------+--------+-----+--------+

Top non-repeatable levels by time:
   Orc:2: 2790 daAuts
    D:12: 1880 daAuts
  Lair:5: 1770 daAuts
Vaults:1: 1626 daAuts
   Elf:3: 1606 daAuts
  Lair:4: 1581 daAuts
  Lair:3: 1359 daAuts
 Snake:4: 1359 daAuts
    D:13: 1327 daAuts
    D:15: 1278 daAuts
  Lair:2: 1265 daAuts
   Sewer: 1239 daAuts
  Lair:1: 1172 daAuts
     D:1: 1114 daAuts
     D:4: 1110 daAuts
